 Dungeon Crawl Stone Soup version 0.30-a0-1082-g70414cbcbb (webtiles) character file.

Game seed: 11808717849619258676

103 CryoSword the Grave Robber (level 4, -8/24 HPs)
             Began as a Vampire Necromancer on Apr 15, 2023.
             Mangled by Menkaure (22 damage)
             ... on level 4 of the Dungeon.
             The game lasted 00:03:37 (2626 turns).

CryoSword the Grave Robber (Vampire Necromancer)    Turns: 2626, Time: 00:03:38

Health: -8/24      AC:  3    Str:  7    XL:     4   Next: 51%
Magic:  16/16      EV: 12    Int: 25    God:
Gold:   142        SH:  0    Dex: 14    Spells: 3/7 levels left

rFire   . . .      SeeInvis +    q - +0 short sword
rCold   + + .      Faith    .    (no shield)
rNeg    + + +      Spirit   .    a - +0 robe
rPois   ∞          Reflect  .    (no helmet)
rElec   .          Rampage  .    l - +0 cloak
rCorr   .                        (no gloves)
Will    .....                    (no boots)
Stlth   ++++                     (no amulet)
HPRegen 0.00/turn                j - ring of magical power
MPRegen 0.15/turn                h - +6 ring of intelligence

@: bloodless, inhibited regen
A: bloodless, fangs 3, see invisible, vampiric 2
a: Bat Form, Revivify


You were on level 4 of the Dungeon.
You visited 1 branch of the dungeon, and saw 6 of its levels.

You collected 142 gold pieces.

Inventory:

Hand Weapons
 g - a +0 dagger
   (You found it on level 1 of the Dungeon)
 q - a +0 short sword (weapon)
   (You took it off a kobold on level 1 of the Dungeon)
Missiles
 i - 3 poisoned darts
 n - 3 curare-tipped darts (quivered)
Armour
 a - a +0 robe (worn)
 l - a +0 cloak (worn)
   (You found it on level 1 of the Dungeon)
 r - a +0 pair of gloves
   (You found it on level 2 of the Dungeon)
Jewellery
 h - a +6 ring of intelligence (right hand)
   (You found it on level 1 of the Dungeon)
 j - a ring of magical power (left hand)
   (You found it on level 1 of the Dungeon)
Scrolls
 c - 2 scrolls of teleportation {unknown}
 f - a scroll of enchant armour {unknown}
 k - a scroll of enchant weapon {unknown}
 s - a scroll of noise {unknown}
 u - a scroll of fog {unknown}
Potions
 b - 2 potions of magic
 d - a potion of flight {unknown}
 e - a potion of brilliance
 m - 3 potions of cancellation
 o - a potion of haste {unknown}
 p - a potion of heal wounds {@q2}
 t - a potion of invisibility {unknown}


   Skills:
 + Level 0.0 Fighting
 + Level 3.0 Short Blades
 - Level 2.1 Dodging
 + Level 3.0 Stealth
 - Level 2.0 Spellcasting
 * Level 5.7 Necromancy


You had 3 spell levels left.
You knew the following spells:

 Your Spells              Type           Power      Damage    Failure   Level
a - Necrotise             Necr           100%       1d9       1%          1
b - Vampiric Draining     Necr           31%        2d8       3%          3

Your spell library contained the following spells:

 Spells                   Type           Power      Damage    Failure   Level
 Sublimation of Blood     Necr           31%        N/A       1%          2
 Beastly Appendage        Tmut           4%         N/A       11%         1
 Magic Dart               Conj           8%         1d3       11%         1
 Blink                    Tloc           4%         N/A       17%         2
 Lesser Beckoning         Tloc           4%         N/A       17%         2
 Momentum Strike          Conj/Tloc      4%         3d8       17%         2
 Searing Ray              Conj           4%         2d4       17%         2
 Wereblood                Tmut           2%         N/A       17%         2
 Spider Form              Tmut/Pois      2%         N/A       32%         3
 Animate Dead             Necr           31%        N/A       11%         4
 Agony                    Necr           31%        N/A       30%         5
 Fulminant Prism          Conj/Hex       1%         3d5       73%         4
 Petrify                  Tmut/Erth      2%         N/A       73%         4
 Irradiate                Conj/Tmut      1%         3d12      97%         5


Dungeon Overview and Level Annotations

Branches:
Dungeon (6/15)
 Temple: D:4-7

Altars:

Annotations:
D:4 Edmund, Menkaure


Innate Abilities, Weirdness & Mutations

You do not regenerate when monsters are visible.
You are frail without blood (-20% HP).
You can heal yourself when you bite living creatures.
You are immune to poison.
You have razor-sharp teeth.
You have supernaturally acute eyesight. (SInv)
You are afflicted with vampirism and can become a bat while bloodless.


Message History

Aim: an orc, wielding a +0 hand axe (chance to affect: 93%)
The orc writhes in agony.
Your orc skeleton barely misses the endoplasm.
The orc hits something with a +0 club.
Aim: an orc, wielding a +0 hand axe (lightly wounded, chance to affect: 93%)
The orc writhes in agony.
Aim: an orc, wielding a +0 hand axe (moderately wounded, chance to affect: 93%)
The orc writhes in agony.
You kill the orc!
The dead are walking!
The endoplasm freezes you.
You are frozen.
You see here a +0 hand axe.
You hit the endoplasm. You hit the endoplasm but do no damage.
You bite the endoplasm.
You kill the endoplasm!
No target in view!
No target in view!
Your orc skeleton hits the orc but does no damage.
Your orc skeleton barely misses the orc.
An orc is nearby!
An orc is nearby!
An orc is nearby!
An orc is nearby!
You swap places.
The orc shouts!
The orc hits you with a +0 club.
Your orc skeleton hits the orc but does no damage.
You see here a +0 flail.
You hit the orc.
The orc hits your orc skeleton with a +0 club.
You hit the orc. Your bite misses the orc.
Your orc skeleton hits the orc but does no damage.
The orc closely misses you.
You barely miss the orc. You bite the orc, but do no damage.
Your orc skeleton hits the orc but does no damage.
You hit the orc but do no damage. You hit the orc but do no damage.
You bite the orc, but do no damage.
Your orc skeleton hits the orc but does no damage.
The orc misses you.
You hit the orc but do no damage.
Your orc skeleton hits the orc.
You hit the orc but do no damage. The orc hits you with a +0 dagger.
You hit the orc but do no damage.
The orc hits your orc skeleton with a +0 dagger.
Your orc skeleton barely misses the orc.
Aim: an orc, wielding a +0 dagger and wearing a +0 ring mail (lightly wounded, ally target, chance to affect: 93%)
The orc writhes in agony.
The orc hits your orc skeleton with a +0 dagger.
Your orc skeleton is destroyed!
Aim: an orc, wielding a +0 dagger and wearing a +0 ring mail (heavily wounded, ally target, chance to affect: 93%)
The orc writhes in agony.
The orc barely misses you.
Aim: an orc, wielding a +0 dagger and wearing a +0 ring mail (severely wounded, ally target)
You draw life force from the orc!
You kill the orc!
You feel life coursing into your body.
Aim: an orc, wielding a +0 club and wearing a +0 leather armour (chance to affect: 93%)
The orc writhes in agony!
You kill the orc!
The dead are walking!
Your orc skeleton crumbles into dust!
Your orc skeleton crumbles into dust!
Your orc skeleton crumbles into dust!
Items here: ))) [[[.
A sourceless malevolence fills the Dungeon...
You fall into a shaft and drop 3 floors!
The shaft crumbles and collapses.
Found a stone staircase leading up.
You now have 138 gold pieces (gained 4).
Found a lumpy grey potion.
There is a stone staircase leading up here.
You climb upwards.
There is a stone staircase leading down here.
Could not explore, unopened door.
Could not explore, unopened door.
You open the door.
Found a stone staircase leading down.
There is an open door here.
An adder comes into view.
The adder hisses angrily.
An adder is nearby!
Aim: an adder (chance to affect: 88%)
The adder barely resists.
Aim: an adder (chance to affect: 88%)
The adder writhes in agony!
Aim: an adder (severely wounded, chance to affect: 88%)
The adder writhes in agony.
You kill the adder!
The dead are slithering!
You open the door.
There is an open door here.
Found 4 gold pieces.
Found an escape hatch in the floor.
Found a stone staircase leading up.
You now have 142 gold pieces (gained 4).
There is a stone staircase leading up here.
You climb upwards.
Your mindless puppet stays behind to rot.
There is a stone staircase leading down here.
Found a stone staircase leading down.
u - a scroll labelled HOKHLE ROXI An orc comes into view.
It is wielding a +0 short sword.
A ball python comes into view.
You can't see any susceptible monsters within range! (Use Z to cast anyway.) Unknown command.
You can't see any susceptible monsters within range! (Use Z to cast anyway.)
Aim: a ball python (wandering, hasn't noticed you, chance to affect: 93%)
The ball python hisses angrily.
The ball python writhes in agony.
The orc shouts!
Aim: a ball python (moderately wounded, chance to affect: 93%)
The ball python writhes in agony.
You kill the ball python!
The dead are slithering!
Your Short Blades skill increases to level 3!
Aim: an orc, wielding a +0 short sword (ally target, chance to affect: 93%)
The orc writhes in agony!
You kill the orc!
The dead are walking!
You can't see any susceptible monsters within range! (Use Z to cast anyway.) Unknown command.
Edmund the Younger comes into view.
He is wielding a +3 dire flail of draining.
Something barely misses your ball python skeleton.
Your orc skeleton crumbles into dust!
There is a stone staircase leading down here.
Your ball python skeleton crumbles into dust!
Found a stone staircase leading down.
An orc priest comes into view. It is wielding a +0 club.
Found a lumpy grey potion.
An orc comes into view. It is wielding a +0 club.
Found a scroll of identify.
v - a scroll of identify {@r1}
As you read the scroll of identify {@r1}, it crumbles to dust.
m - 3 potions of cancellation
Found a book of Vapours.
Menkaure, Prince of Dust comes into view.
Found 6 gold pieces.
You begin bloodletting.
You continue bloodletting. x5
You become bloodless.
The helpless Menkaure fails to defend himself.
You hit Menkaure. Menkaure hits you!
You hit Menkaure but do no damage. You hit Menkaure but do no damage.
Menkaure mumbles some strange words.
Menkaure seems to speed up.
You hit Menkaure. Menkaure hits you.
Okay, then.
You hit Menkaure. Menkaure barely misses you.
You hit Menkaure but do no damage. Menkaure barely misses you.
You hit Menkaure but do no damage. Menkaure hits you!!
Ouch! That really hurt!
You die...

#.............
#.......###
#.###...#.. #.#
##.##.# #.#
#.##.# #.# #.##.#
#.# #.##.# #.#
#.##M# #.# #.##@#
#.# #.##.# #.#
#.##.# #.# #.##.#
#.####.##.#.####
#................
######..........#
####...##..#
#...# .#


You could see Menkaure (fast).

Vanquished Creatures
  5 adders
  A dart slug (D:2)
  6 orcs
  2 endoplasms
  A giant cockroach (D:1)
  4 goblins
  6 hobgoblins
  A quokka (D:1)
  7 ball pythons
  4 bats
  3 frilled lizards (D:2)
  4 kobolds
  A rat (D:1)
45 creatures vanquished.

Vanquished Creatures (collateral kills)
  A goblin (D:2)
  2 hobgoblins (D:2)
  3 ball pythons (D:2)
6 creatures vanquished.

Grand Total: 51 creatures vanquished

Notes
Turn   | Place    | Note
-------+----------+-------------------------------------------
     0 | D:1      | CryoSword the Vampire Necromancer began the quest for the
                  | Orb.
     0 | D:1      | Reached XP level 1. HP: 13/13 MP: 3/3
   442 | D:1      | Reached XP level 2. HP: 19/19 MP: 3/5
   564 | D:1      | Reached skill level 1 in Short Blades
   832 | D:1      | Reached skill level 5 in Necromancy
  1260 | D:2      | Gained mutation: You are afflicted with vampirism and can
                  | become a bat while bloodless. [Vampire growth]
  1260 | D:2      | Reached XP level 3. HP: 22/24 MP: 1/6
  1264 | D:2      | Learned a level 3 spell: Vampiric Draining
  1757 | D:2      | Reached XP level 4. HP: 30/30 MP: 7/7
  2391 | D:3      | You fall into a shaft and drop 3 floors!
  2398 | D:5      | Entered Level 5 of the Dungeon
  2509 | D:4      | Noticed Edmund
  2602 | D:4      | Noticed Menkaure
  2626 | D:4      | Mangled by Menkaure

Illustrated notes

Levels and vault maps discovered:
D:1:      ebering_trefoil_3fold, layout_basic, chequers_serial_rivers_small_3,
          feat_on_display
D:2:      layout_basic, st_stairs_14
D:3:      layout_basic, lemuel_round_altar,
          shapermc_ecumenical_altar_mp_vishouse, uniq_jessica
D:4:      layout_loops_ring, temple_fountains, uniq_blork_the_orc,
          uniq_menkaure, uniq_edmund
D:5:      nicolae_cairo_tiling, layout_loops_corners,
          mainiacjoe_overflow_small_starburst, minmay_between
D:6:      minmay_polygon_palace, layout_basic, nicolae_shop_i_like_big_books,
          minmay_gold_behind_fungi, minmay_misc_feat_x,
          nicolae_figureground_pulse

Skill      XL: |  1  2  3  4 |
---------------+-------------+-----
Short Blades   | 1 2 3 |  3.0
Necromancy     | 5 |  5.7
Dodging        | |  2.1
Stealth        | |  3.0
Spellcasting   | |  2.0

Action                     |  1- 3 |  4- 6 || total
---------------------------+-------+-------++-------
  Melee: Dagger            |    19 |     2 ||    21
         Bite              |     1 |     3 ||     4
         Short sword       |       |    18 ||    18
   Cast: Necrotise         |    55 |    18 ||    73
         Vampiric Draining |       |     3 ||     3
Ability: Exsanguinate      |       |     1 ||     1
    Use: Scroll            |       |     3 ||     3
   Stab: Sleeping          |     1 |     1 ||     2
 Armour: Robe              |     7 |       ||     7
  Dodge: Dodged            |    10 |    12 ||    22

Table legend: (Time is in decaauts)
 A = Elapsed time spent in this place.
 B = Non-inter-level travel time spent in this place.
 C = Inter-level travel time spent in this place.
 D = Time resting spent in this place.
 E = Time spent auto-exploring this place.
 F = Levels seen in this place.
 G = Mean time per level.
                   A        B        C        D        E       F      G
               +--------+--------+--------+--------+--------+-----+--------+
         Total |   2623 |   2443 |    180 |      0 |   1993 |   6 |  437.2 |
       Dungeon |   2623 |   2443 |    180 |      0 |   1993 |   6 |  437.2 |
               +--------+--------+--------+--------+--------+-----+--------+

Top non-repeatable levels by time:
     D:1: 1161 daAuts
     D:2: 1068 daAuts
     D:3: 160 daAuts
     D:4: 147 daAuts
     D:5: 78 daAuts
     D:6: 6 daAuts
